[Event "Titled Tuesday Blitz December 27 Late 2022"]
[White "Schmidt, Harald"]
[Black "Fisher_TheGalactic"]
[WhiteFideId "4648358"]
[WhiteElo "2347"]
[BlackElo "2477"]
[Result "0-1"]
[Round "09"]
[TimeControl "180+2"]
[Date "2022.12.27"]
[WhiteClock "0:00:19"]
[BlackClock "0:00:40"]

1. c4 b6 2. Nc3 Bb7 3. e4 e6 4. a3 c5 5. Nf3 Nc6 6. g3 d6 7. Bg2 Nf6 8. O-O g6 9. d4 Bg7 10. d5 exd5 11. exd5 Ne7 12. Re1 O-O 13. Bf4 Nh5 14. Bg5 Nf6 15. Qd2 Qd7 16. Bh6 Nf5 17. Bxg7 Nxg7 18. Ng5 h6 19. Nge4 Nxe4 20. Nxe4 f5 21. Qxh6 fxe4 22. Qxg6 Qf5 23. Bxe4 Qxg6 24. Bxg6 Rf6 25. Bd3 b5 26. b3 Nf5 27. f4 Nd4 28. Kf2 Nxb3 29. Rab1 Nd4 30. cxb5 Bxd5 31. a4 Re6 32. Red1 Rae8 33. f5 Re3 34. a5 Bb3 35. Rd2 Nf3 0-1


[Site "https://www.chess.com"]

[Event "Titled Tuesday Blitz December 27 Late 2022"]
[White "Shapiro, Daniel"]
[Black "Przybylski, Wojciech"]
[WhiteFideId "2001780"]
[BlackFideId "1117599"]
[WhiteElo "2284"]
[BlackElo "2321"]
[Result "1-0"]
[Round "09"]
[TimeControl "180+2"]
[Date "2022.12.27"]
[WhiteClock "0:00:08"]
[BlackClock "0:00:01"]

1. d4 d5 2. c4 e6 3. Nf3 Nf6 4. g3 Bb4+ 5. Bd2 Be7 6. Qc2 O-O 7. cxd5 exd5 8. Bg2 Nc6 9. O-O g6 10. Rd1 Bf5 11. Qb3 Rb8 12. a3 Re8 13. Nc3 a6 14. Rac1 Na5 15. Qa2 c6 16. Bf4 Rc8 17. Nd2 b5 18. b4 Nc4 19. Nb3 a5 20. Nc5 Ra8 21. Nb7 axb4 22. Nxd8 Rxa3 23. Qxa3 bxa3 24. Nxc6 b4 25. Nxd5 Nxd5 26. Bxd5 Nb2 27. Rd2 Bf8 28. e4 Bg4 29. Kg2 Rc8 30. Rb1 Na4 31. Nxb4 Nc3 32. Rb3 Nb5 33. Nc6 Nd6 34. e5 Nf5 35. f3 Bh5 36. g4 Nh4+ 37. Kg3 g5 38. gxh5 Nf5+ 39. Kg4 Nh6+ 40. Kxg5 Kh8 41. Kh4 Re8 42. Bg5 1-0


[Site "https://www.chess.com"]

[Event "Titled Tuesday Blitz December 27 Late 2022"]
[White "Skvortsov, Andrei"]
[Black "Ladan, Nicholas"]
[WhiteFideId "24108600"]
[BlackFideId "30918855"]
[WhiteElo "2313"]
[BlackElo "2228"]
[Result "0-1"]
[Round "09"]
[TimeControl "180+2"]
[Date "2022.12.27"]
[WhiteClock "0:00:07"]
[BlackClock "0:00:07"]

1. c4 e5 2. Nc3 Nc6 3. Nf3 Bc5 4. e3 d6 5. a3 a6 6. d4 Ba7 7. dxe5 dxe5 8. Qxd8+ Kxd8 9. b4 f6 10. Bb2 Be6 11. O-O-O+ Kc8 12. h3 Nge7 13. Nd5 Rd8 14. Nxe7+ Nxe7 15. Bd3 Rxd3 16. Rxd3 e4 17. Nd4 Bxc4 18. Rc3 b5 19. Nb3 Nd5 20. Rxc4 bxc4 21. Na5 c3 22. Ba1 Kd7 23. Rd1 Ke6 24. Kc2 c5 25. Bxc3 cxb4 26. Bxb4 Rc8+ 27. Kb3 f5 28. h4 f4 29. Nc4 fxe3 30. Nxe3 Bxe3 31. fxe3 Ke5 32. Bd2 Rf8 33. Bc1 Rf2 34. Rd2 Rf1 35. Bb2+ Ke6 36. Bxg7 Re1 37. Bd4 Nxe3 38. Kb4 Nd5+ 39. Kc5 Rc1+ 40. Bc3 Rxc3+ 41. Kd4 Rxa3 42. Kxe4 Ra4+ 43. Kf3 Rxh4 44. Ra2 Rh5 45. Rxa6+ Ke5 46. Ra8 Nf6 47. Ra5+ Nd5 48. Ra8 Rh6 49. g4 Ne7 50. Kg3 Re6 51. Rh8 h6 52. Ra8 Kf6 53. Rf8+ Kg7 54. Ra8 Ng6 55. Ra7+ Re7 56. Ra5 Rf7 57. Rb5 Nf8 58. Rb6 Nh7 59. Rb5 Ng5 60. Rb3 Kg6 61. Rb6+ Rf6 62. Rb3 Re6 63. Ra3 Kf6 64. Kf4 Re4+ 65. Kg3 Rd4 66. Ra6+ Ne6 67. Kh4 Rd5 68. Rb6 Re5 69. Ra6 Kg7 70. Rb6 Nf8 71. Kg3 Nh7 72. Kf4 Rg5 73. Rb7+ Kg6 74. Rb6+ Nf6 75. Kf3 Re5 76. Rb4 Rg5 77. Rb6 Rd5 78. Ra6 Rb5 79. Kf4 Rb4+ 80. Kf3 Rb3+ 81. Kf4 Rb4+ 82. Kf3 Kg5 83. Ra5+ Kh4 84. Ra6 Nxg4 85. Rg6 h5 86. Rg8 Rb3+ 87. Kg2 Ne3+ 88. Kf2 Nf5 89. Rf8 Kg4 90. Rg8+ Kf4 91. Kg2 h4 92. Kh2 Rb2+ 93. Kh3 Rb3+ 94. Kh2 Rg3 95. Ra8 Ne3 96. Ra4+ Kf3 97. Rxh4 Ng4+ 98. Kh1 Nf2+ 99. Kh2 Rg2# 0-1


[Site "https://www.chess.com"]

[Event "Titled Tuesday Blitz December 27 Late 2022"]
[White "Slade, Theodore"]
[Black "Fernandez Garcia, Gumersindo"]
[WhiteFideId "426547"]
[BlackFideId "24516740"]
[WhiteElo "1995"]
[BlackElo "2160"]
[Result "0-1"]
[Round "09"]
[TimeControl "180+2"]
[Date "2022.12.27"]
[WhiteClock "0:00:02"]
[BlackClock "0:00:35"]

1. d4 Nf6 2. c4 g6 3. Nc3 d5 4. cxd5 Nxd5 5. e4 Nxc3 6. bxc3 Bg7 7. Bc4 c5 8. Ne2 O-O 9. O-O Nc6 10. Be3 cxd4 11. cxd4 b6 12. Rb1 Bb7 13. Qd2 Rc8 14. Rfc1 Na5 15. Bd3 Qd7 16. h4 Qg4 17. f3 Qxh4 18. Bg5 Qh5 19. Ng3 Bxd4+ 20. Kf1 Qh2 21. Bf4 e5 22. Nf5 Qg1+ 23. Ke2 Qf2+ 24. Kd1 exf4 25. Ne7+ Kh8 26. Qxf2 Rxc1+ 27. Rxc1 Bxf2 28. Rc7 Bc5 29. Nd5 Bxd5 30. exd5 Rd8 31. Rxf7 Rxd5 32. Ke2 Re5+ 33. Be4 Nc4 34. Rxa7 Nd6 35. Kd3 Nxe4 36. fxe4 g5 37. a4 g4 38. Rf7 Be3 39. g3 Kg8 40. Rf6 Kg7 41. Rf5 Rxf5 42. exf5 Kf6 43. Ke4 h5 44. gxf4 Bc5 45. Kd5 Bg1 46. Kc6 h4 0-1


[Site "https://www.chess.com"]

[Event "Titled Tuesday Blitz December 27 Late 2022"]
[White "Smith, Garrett L"]
[Black "Dias, Joao Batista"]
[WhiteFideId "2024829"]
[BlackFideId "2108240"]
[WhiteElo "2047"]
[BlackElo "1796"]
[Result "1/2-1/2"]
[Round "09"]
[TimeControl "180+2"]
[Date "2022.12.27"]
[WhiteClock "0:00:18"]
[BlackClock "0:00:50"]

1. e4 e5 2. Nf3 Nc6 3. Bc4 Nf6 4. Ng5 d5 5. exd5 Na5 6. Bb5+ c6 7. dxc6 bxc6 8. Bd3 h6 9. Ne4 Be7 10. O-O O-O 11. Ng3 c5 12. Bf5 Bb7 13. d3 Nc6 14. Nc3 Nd4 15. Re1 Re8 16. Nce4 Nxf5 17. Nxf6+ Bxf6 18. Nxf5 Qd5 19. Ne3 Qd4 20. Qg4 e4 21. Nf5 Qb4 22. Bxh6 exd3 23. Qxb4 cxb4 24. Bd2 dxc2 25. Rxe8+ Rxe8 26. Nd6 Re2 27. Bxb4 Bd5 28. Kf1 Bxb2 29. Kxe2 Bxa1 30. Kd2 Bxa2 31. Kxc2 Be5 32. Nc8 a6 33. h3 Kh7 34. Nd6 Bd5 35. f3 Kg6 36. Kd3 Kf6 37. Ne4+ Kf5 38. Nc5 Kf4 39. Be1 a5 40. Bxa5 Kg3 41. Ke3 Kxg2 42. Nd3 Bb8 43. Nf4+ Bxf4+ 44. Kxf4 Bxf3 45. h4 g6 46. Kg5 Bh5 47. Kf6 Kh3 48. Kxf7 Kxh4 49. Bc7 Kg4 50. Kf6 Kf3 51. Ba5 Ke4 52. Kg5 Kd5 53. Be1 Ke4 54. Bh4 Kf3 55. Be1 Ke4 56. Ba5 Kf3 57. Bb6 Ke4 58. Ba5 1/2-1/2


[Site "https://www.chess.com"]

[Event "Titled Tuesday Blitz December 27 Late 2022"]
[White "Solon, Nathan"]
[Black "Papayan, Oleg"]
[WhiteFideId "2017229"]
[BlackFideId "4193911"]
[WhiteElo "2306"]
[BlackElo "2253"]
[Result "1-0"]
[Round "09"]
[TimeControl "180+2"]
[Date "2022.12.27"]
[WhiteClock "0:01:44"]
[BlackClock "0:00:11"]

1. Nf3 Nf6 2. g3 c5 3. Bg2 Nc6 4. O-O e5 5. c4 d5 6. cxd5 Nxd5 7. Nc3 Nc7 8. d3 Be7 9. Be3 O-O 10. Nd2 Be6 11. Na4 Bd5 12. Ne4 b6 13. Nac3 Rc8 14. Nxd5 Nxd5 15. Bd2 f5 16. Nc3 Nxc3 17. Bxc3 Bf6 18. Qa4 Qc7 19. Rac1 Rfe8 20. e3 Red8 21. Rfd1 a5 22. a3 Qd7 23. Qb3+ Kh8 24. Qxb6 c4 25. Bf1 Rb8 26. Qa6 cxd3 27. Rxd3 Qc7 28. Rxd8+ Nxd8 29. Qxa5 Qxa5 30. Bxa5 Rxb2 31. Rc8 Rd2 32. Bxd2 1-0


[Site "https://www.chess.com"]

[Event "Titled Tuesday Blitz December 27 Late 2022"]
[White "Sourath Biswas"]
[Black "reevecanada"]
[WhiteFideId "35091484"]
[WhiteElo "2281"]
[BlackElo "2430"]
[Result "1-0"]
[Round "09"]
[TimeControl "180+2"]
[Date "2022.12.27"]
[WhiteClock "0:00:18"]
[BlackClock "0:00:16"]

1. d4 Nf6 2. Bf4 g6 3. Nc3 Bg7 4. e4 d6 5. Qd2 Nbd7 6. O-O-O b6 7. e5 Nh5 8. Bh6 dxe5 9. dxe5 O-O 10. g4 Bxh6 11. Qxh6 Ng7 12. Nf3 f6 13. exf6 exf6 14. Bc4+ Kh8 15. h4 Bb7 16. h5 Nf5 17. gxf5 g5 18. Be6 Bc8 19. Rhe1 c6 20. Ne4 a5 21. Bxd7 Bxd7 22. Nexg5 fxg5 23. Nxg5 Bxf5 24. Rxd8 Raxd8 25. Re7 Kg8 26. Qg7# 1-0


[Site "https://www.chess.com"]

[Event "Titled Tuesday Blitz December 27 Late 2022"]
[White "Sukandar, Irine Kharisma"]
[Black "Tanenbaum, Zachary"]
[WhiteFideId "7101937"]
[BlackFideId "2060850"]
[WhiteElo "2390"]
[BlackElo "2261"]
[Result "0-1"]
[Round "09"]
[TimeControl "180+2"]
[Date "2022.12.27"]
[WhiteClock "0:00:01"]
[BlackClock "0:00:05"]

1. d4 d5 2. Bf4 Nf6 3. e3 c5 4. Nd2 Nc6 5. Ngf3 cxd4 6. exd4 Qb6 7. Nb3 Bg4 8. c3 a5 9. Be2 a4 10. Nc5 Bxf3 11. Bxf3 Qxb2 12. O-O Qxc3 13. Be3 e6 14. Nxb7 Ba3 15. Nc5 Bxc5 16. Rc1 Qa5 17. Rxc5 Qb6 18. Qc2 Nb4 19. Qb2 a3 20. Qb3 Nd7 21. Rb1 Rb8 22. Rcc1 O-O 23. Bd2 Na6 24. Qd3 Qd6 25. Be2 Rxb1 26. Rxb1 Rb8 27. Rc1 Nb4 28. Qb3 Nc6 29. Qa4 Rb6 30. Qa8+ Qb8 31. Qa4 Qb7 32. h3 h6 33. Bd3 Nf6 34. Be3 g5 35. g3 Kg7 36. Kg2 Nb4 37. Be2 Nxa2 38. Ra1 Nb4 39. Rxa3 Nc6 40. Bf3 Rb4 41. Qd1 Rb2 42. Ra1 Ne4 43. Rc1 Nb4 44. Bxe4 dxe4 45. Rc4 Nd5 0-1


[Site "https://www.chess.com"]

[Event "Titled Tuesday Blitz December 27 Late 2022"]
[White "Toncheva, Nadya"]
[Black "Novikov, Evgenij"]
[WhiteFideId "2924056"]
[BlackFideId "4125380"]
[WhiteElo "2295"]
[BlackElo "2276"]
[Result "0-1"]
[Round "09"]
[TimeControl "180+2"]
[Date "2022.12.27"]
[WhiteClock "0:00:14"]
[BlackClock "0:00:08"]

1. e4 c5 2. Nf3 d6 3. d4 cxd4 4. Nxd4 Nf6 5. Nc3 a6 6. Be3 e5 7. Nf3 Be7 8. Bc4 O-O 9. O-O Nbd7 10. a4 Qc7 11. Qe2 Nc5 12. Bg5 Be6 13. Bxf6 Bxf6 14. Nd5 Bxd5 15. Bxd5 a5 16. Rfd1 g6 17. Ne1 Kg7 18. Nd3 Nd7 19. c3 Nb6 20. Bb3 Rad8 21. Ne1 Nd7 22. Nc2 Bg5 23. Ne3 Bxe3 24. Qxe3 Nc5 25. Bc4 Qe7 26. Rd5 f5 27. exf5 gxf5 28. f4 e4 29. Qh3 Qf6 30. Re1 Kh8 31. Re3 Nxa4 32. Rd2 d5 33. Bxd5 Nb6 34. Qh5 Rxd5 35. Rh3 Rf7 36. Rxd5 Nxd5 37. Qd1 Nxf4 38. Rg3 Rg7 39. Rxg7 Kxg7 40. Qd7+ Qf7 41. Qd4+ Kg6 42. Qe3 Ne6 43. Qg3+ Kf6 44. Qh4+ Ke5 45. Qg3+ f4 46. Qh3 Qf5 47. Qh4 e3 48. Qe1 Qd3 49. c4 Nd4 50. h3 Qd2 51. Qh4 Qf2+ 52. Qxf2 exf2+ 53. Kxf2 Kd6 54. g3 fxg3+ 55. Kxg3 Kc5 56. Kg4 Kxc4 57. Kh5 Kb3 58. Kh6 Kxb2 59. Kxh7 a4 60. h4 a3 61. h5 a2 62. Kg7 a1=Q 63. h6 Nf5+ 64. Kf8 Nxh6 65. Kg7 Kc3 66. Kh7 b5 67. Kh8 b4 68. Kh7 b3 69. Kg7 b2 70. Kf8 b1=Q 71. Kg7 Kd4 72. Kh8 Ke5 73. Kg7 Qbb2 74. Kh8 Kf6 75. Kh7 Ng8 76. Kh8 Kg6+ 77. Kxg8 Qg7# 0-1


[Site "https://www.chess.com"]

[Event "Titled Tuesday Blitz December 27 Late 2022"]
[White "Toniutti, Ezio"]
[Black "Vaibhav Jayant Raut"]
[WhiteFideId "113034"]
[BlackFideId "5089034"]
[WhiteElo "2224"]
[BlackElo "2237"]
[Result "1/2-1/2"]
[Round "09"]
[TimeControl "180+2"]
[Date "2022.12.27"]
[WhiteClock "0:00:17"]
[BlackClock "0:00:17"]

1. d4 Nf6 2. c4 e6 3. g3 Bb4+ 4. Bd2 a5 5. Bg2 O-O 6. e4 c5 7. Ne2 cxd4 8. Nxd4 Nc6 9. Bc3 d5 10. exd5 exd5 11. O-O Bxc3 12. Nxc3 Bg4 13. Nxc6 bxc6 14. Qd4 Be6 15. cxd5 cxd5 16. Rfd1 Rb8 17. Rd2 Rb4 18. Qe5 Qb8 19. Qxb8 Rfxb8 20. b3 h5 21. h3 d4 22. Ne2 Rd8 23. Rad1 a4 24. Rxd4 Rdb8 25. bxa4 Rb2 26. Nc3 Rc2 27. Ne4 Rxa2 28. Nxf6+ gxf6 29. h4 Rbb2 30. Rf4 Kg7 31. Rc1 Ra3 32. Bf3 Kg6 33. Rc5 f5 34. Rc6 Ra1+ 35. Kg2 Raa2 36. Bd5 Kf6 37. Bxe6 fxe6 38. Rf3 Ra1 39. Re3 Raa2 40. Rcxe6+ Kf7 41. Re7+ Kf8 42. Re8+ Kf7 43. R3e7+ Kf6 44. Re6+ Kf7 45. R8e7+ Kf8 46. Re8+ Kf7 47. R6e7+ Kf6 48. Re6+ Kf7 1/2-1/2


[Site "https://www.chess.com"]

[Event "Titled Tuesday Blitz December 27 Late 2022"]
[White "Vakhlamov, Igor L."]
[Black "Kleiman, Jake"]
[WhiteFideId "24126748"]
[BlackFideId "2020041"]
[WhiteElo "2413"]
[BlackElo "2399"]
[Result "1-0"]
[Round "09"]
[TimeControl "180+2"]
[Date "2022.12.27"]
[WhiteClock "0:01:35"]
[BlackClock "0:01:29"]

1. e4 e5 2. Nf3 Nc6 3. Nc3 Nf6 4. Bb5 Bd6 5. a3 O-O 6. d3 Re8 7. Bc4 Bf8 8. Ng5 Re7 9. Nd5 Nxd5 10. Bxd5 Qe8 11. f4 d6 12. O-O Be6 13. Nxe6 fxe6 14. Ba2 Kh8 15. f5 exf5 16. Rxf5 Nd4 17. Rf2 Ne6 18. Qg4 g6 19. Bxe6 Rxe6 20. Rxf8+ Qxf8 21. Qxe6 1-0


[Site "https://www.chess.com"]

[Event "Titled Tuesday Blitz December 27 Late 2022"]
[White "Vasquez Schroeder, Rodrigo"]
[Black "Movahed, Sina"]
[WhiteFideId "3400042"]
[BlackFideId "42520835"]
[WhiteElo "2524"]
[BlackElo "2340"]
[Result "0-1"]
[Round "09"]
[TimeControl "180+2"]
[Date "2022.12.27"]
[WhiteClock "0:00:04"]
[BlackClock "0:00:11"]

1. e4 c5 2. Nf3 d6 3. d4 cxd4 4. Nxd4 Nf6 5. Nc3 a6 6. Bg5 e6 7. f4 Be7 8. Qf3 Qc7 9. O-O-O Nbd7 10. g4 b5 11. Bxf6 Nxf6 12. g5 Nd7 13. f5 Bxg5+ 14. Kb1 Ne5 15. Qh5 h6 16. fxe6 g6 17. Nd5 Qb7 18. Qh3 O-O 19. exf7+ Qxf7 20. Qg3 Qf2 21. Qb3 Kh7 22. h4 Bxh4 23. Bh3 Qg3 24. Bxc8 Raxc8 25. c3 Rf2 26. Ka1 Nc4 27. Rdg1 Rg2 28. Qd1 Qf2 29. Qb1 Bg3 30. Rf1 Qxb2+ 31. Qxb2 Nxb2 32. Rf7+ Kg8 33. Ra7 Rf8 34. Ne7+ Kf7 35. Nef5+ Kf6 36. Nxh6 Kg5 37. Nf7+ Kf6 38. Nh6 Nc4 39. Ng4+ Kg5 40. Ne6+ Kxg4 41. Nxf8 Be5 42. Nxg6 Bxc3+ 43. Kb1 Bb2 44. a4 b4 45. Rf7 b3 0-1


[Site "https://www.chess.com"]

[Event "Titled Tuesday Blitz December 27 Late 2022"]
[White "Weisz, Bryan"]
[Black "Moreno Perez, Tobias Sebastian"]
[WhiteFideId "30934133"]
[BlackFideId "186716"]
[WhiteElo "1973"]
[BlackElo "2256"]
[Result "1-0"]
[Round "09"]
[TimeControl "180+2"]
[Date "2022.12.27"]
[WhiteClock "0:00:08"]
[BlackClock "0:00:03"]

1. e4 c6 2. d4 d5 3. e5 Bf5 4. Bd3 Bxd3 5. Qxd3 e6 6. Ne2 Nd7 7. Nd2 Ne7 8. Nf3 c5 9. c3 Nc6 10. O-O Be7 11. a3 O-O 12. b4 cxd4 13. cxd4 Rc8 14. Bd2 Nb6 15. b5 Nb8 16. Bb4 Nc4 17. Rfc1 Nd7 18. Nd2 Ndb6 19. Bxe7 Qxe7 20. a4 Nxd2 21. Qxd2 Nc4 22. Qd3 Qg5 23. f4 Qg6 24. Qxg6 hxg6 25. Rc3 Nb2 26. Rb3 Nc4 27. Kf2 b6 28. Rc1 Rc7 29. Rbc3 Ra8 30. Ng1 a6 31. Nf3 axb5 32. axb5 Ra2+ 33. Kg1 Rca7 34. Rd3 R7a5 35. Ne1 Rxb5 36. Rdc3 Rbb2 37. Rd3 b5 38. Rdc3 Rd2 39. Rg3 b4 40. Rb3 Rdb2 41. Rb1 Rxb1 42. Rxb1 Ra4 43. Nd3 Ne3 44. Rxb4 Ra2 45. Nf2 Ra1+ 46. Nd1 Rxd1+ 47. Kf2 Nc4 48. Rb8+ Kh7 49. h4 Rd2+ 50. Kf3 Rxd4 51. Rf8 Rd3+ 52. Kf2 Rd2+ 53. Kf3 Nb2 54. Rxf7 Nd3 55. g4 Nc5 56. h5 gxh5 57. gxh5 Ne4 58. h6 Kxh6 59. Re7 Nc5 60. Rxe6+ Kh7 61. Rd6 Rd3+ 62. Ke2 Rd4 63. f5 Ne4 64. Rd7 Rd2+ 65. Kf3 Rh2 66. e6 Ng5+ 67. Kf4 Nh3+ 68. Ke5 Re2+ 69. Kxd5 Nf4+ 70. Kc6 Nxe6 71. fxe6 Rxe6+ 72. Kd5 Re1 73. Rf7 Kh6 74. Rf8 g5 75. Rg8 Kh5 76. Kd4 Kg4 77. Kd3 Re7 78. Rg7 Kh4 79. Rxe7 g4 80. Ke2 Kh3 81. Kf1 Kg3 82. Rg7 Kf3 83. Kg1 Kg3 84. Rf7 Kh3 85. Rf4 Kg3 86. Ra4 Kh3 87. Ra3+ g3 88. Rb3 1-0


[Site "https://www.chess.com"]

[Event "Titled Tuesday Blitz December 27 Late 2022"]
[White "Xiong, Jeffery"]
[Black "Kazakouski, Valery"]
[WhiteFideId "2047640"]
[BlackFideId "13507443"]
[WhiteElo "2692"]
[BlackElo "2539"]
[Result "0-1"]
[Round "09"]
[TimeControl "180+2"]
[Date "2022.12.27"]
[WhiteClock "0:00:01"]
[BlackClock "0:00:07"]

1. e4 c5 2. Nf3 a6 3. g3 b5 4. d4 cxd4 5. Nxd4 Bb7 6. Bg2 Nf6 7. Nc3 e6 8. O-O b4 9. Na4 Bxe4 10. Bxe4 Nxe4 11. Re1 Nc5 12. c4 Nxa4 13. Qxa4 Qb6 14. Be3 Bc5 15. Rad1 O-O 16. Nb3 Bxe3 17. Rxe3 a5 18. Red3 f5 19. Rd6 Qc7 20. Qb5 Ra7 21. Nc5 Rf7 22. Rb6 Rf8 23. Rbd6 Rf7 24. b3 h6 25. Rb6 Rf8 26. Rbd6 Rf7 27. R1d2 f4 28. Ne4 Nc6 29. Qh5 a4 30. Kg2 axb3 31. axb3 f3+ 32. Kh3 Qc8 33. R6d3 Qf8 34. Nd6 Rf6 35. c5 Ra5 36. Re3 Kh7 37. Qe8 Rxc5 38. Qxf8 Rxf8 39. Ne4 Rh5+ 40. Kg4 Rff5 41. h4 Ne5+ 42. Kh3 g5 43. Nd6 g4+ 44. Kh2 Rf8 45. Rd4 Rg8 46. Rxb4 Nc6 47. Rb7 Rd5 48. Rxd7+ Rg7 49. Rxg7+ Kxg7 50. Rxe6 Rd2 0-1


[Site "https://www.chess.com"]

[Event "Titled Tuesday Blitz December 27 Late 2022"]
[White "Yano, William Jorge Froes"]
[Black "Moral Garcia, Serafin"]
[WhiteFideId "2112949"]
[BlackFideId "2201925"]
[WhiteElo "2045"]
[BlackElo "2238"]
[Result "0-1"]
[Round "09"]
[TimeControl "180+2"]
[Date "2022.12.27"]
[WhiteClock "0:00:26"]
[BlackClock "0:01:14"]

1. e4 c5 2. Nf3 e6 3. c3 Nf6 4. e5 Nd5 5. Bc4 Nc6 6. O-O d6 7. d4 cxd4 8. cxd4 Be7 9. Nc3 Nxc3 10. bxc3 dxe5 11. d5 exd5 12. Bxd5 O-O 13. h3 Qc7 14. Qe2 Bf6 15. Ba3 Re8 16. Rfe1 Bf5 17. Nd2 Rad8 18. c4 Nd4 19. Qh5 Bg6 20. Qg4 Nc2 21. Bb2 Nxa1 22. Bxa1 b5 23. h4 bxc4 24. Ne4 Rxd5 25. Nxf6+ gxf6 26. h5 Qd7 27. Qg3 Rd3 28. f3 c3 29. hxg6 fxg6 30. Qh4 Qd4+ 31. Qxd4 Rxd4 32. Bxc3 Rc4 33. Re3 Rec8 34. Be1 Ra4 35. a3 Rc2 36. Kh2 Kf7 37. Kg3 Ke6 38. Bb4 a5 39. Bf8 Rac4 40. Rb3 Re2 41. Rb6+ Kf7 42. Bh6 Rcc2 43. Rb7+ Ke6 44. Rb6+ Kf5 45. Kh3 Rxg2 46. Bg7 Rh2+ 47. Kg3 Rcg2# 0-1


[Site "https://www.chess.com"]

[Event "Titled Tuesday Blitz December 27 Late 2022"]
[White "Yuan, Qingyu"]
[Black "Vlassov, Nikolai"]
[WhiteFideId "8609772"]
[BlackFideId "4103360"]
[WhiteElo "2373"]
[BlackElo "2283"]
[Result "0-1"]
[Round "09"]
[TimeControl "180+2"]
[Date "2022.12.27"]
[WhiteClock "0:00:05"]
[BlackClock "0:01:14"]

1. e4 c5 2. Nf3 d6 3. d4 cxd4 4. Nxd4 Nf6 5. Nc3 g6 6. Be3 a6 7. f3 Nbd7 8. Qd2 Qc7 9. g4 h6 10. O-O-O b5 11. Kb1 Bb7 12. h4 Rc8 13. Bd3 Ne5 14. g5 hxg5 15. hxg5 Rxh1 16. Rxh1 Nfd7 17. Rh8 Nb6 18. Qh2 b4 19. Ncb5 axb5 20. Bxb5+ Bc6 21. Nxc6 Nxc6 22. Qh6 Nd7 23. Bd4 b3 24. axb3 Qa5 25. Bxc6 Qe1+ 26. Ka2 Rxc6 27. b4 Qxb4 28. Bg7 Qa4+ 29. Kb1 Qxc2+ 30. Ka2 Ra6# 0-1


[Site "https://www.chess.com"]

[Event "Titled Tuesday Blitz December 27 Late 2022"]
[White "Yurovskykh, Oleksandr"]
[Black "Wang, Alexander J"]
[WhiteFideId "14134020"]
[BlackFideId "30955270"]
[WhiteElo "2328"]
[BlackElo "1815"]
[Result "1-0"]
[Round "09"]
[TimeControl "180+2"]
[Date "2022.12.27"]
[WhiteClock "0:00:20"]
[BlackClock "0:01:04"]

1. d4 d5 2. Bf4 c5 3. e3 Nc6 4. c3 Nf6 5. Nd2 e6 6. Ngf3 Bd6 7. Bg3 O-O 8. Bb5 a6 9. Bxc6 bxc6 10. Ne5 Qc7 11. Nd3 c4 12. Bxd6 Qxd6 13. Nc5 Bd7 14. b3 cxb3 15. axb3 Bc8 16. b4 Nd7 17. Nxd7 Bxd7 18. Nb3 e5 19. O-O Bf5 20. Nc5 exd4 21. cxd4 Rab8 22. Qd2 Rb6 23. Rxa6 Rxa6 24. Nxa6 h6 25. Nc5 Rb8 26. Ra1 Kh7 27. Ra7 f6 28. h3 h5 29. Qc3 Qd8 30. Qa3 Qb6 31. h4 Qxb4 32. Qxb4 Rxb4 33. Ra6 Rb1+ 34. Kh2 Rf1 35. Kg3 Bb1 36. Rxc6 Rc1 37. Rd6 Ba2 38. Ne6 Rc8 39. Rd7 Rg8 40. Nf4 Kh6 41. Nxd5 g5 42. Nxf6 gxh4+ 43. Kh2 Be6 44. Rd6 Rg6 45. Rxe6 Kg5 46. Kh3 Rxf6 47. Rxf6 1-0


[Site "https://www.chess.com"]

[Event "Titled Tuesday Blitz December 27 Late 2022"]
[White "Adewumi, Tanitoluwa"]
[Black "Shapiro, Daniel"]
[WhiteFideId "30966396"]
[BlackFideId "2001780"]
[WhiteElo "2283"]
[BlackElo "2284"]
[Result "1-0"]
[Round "10"]
[TimeControl "180+2"]
[Date "2022.12.27"]
[WhiteClock "0:00:30"]
[BlackClock "0:00:03"]

1. e4 e5 2. Nf3 Nc6 3. Nc3 Nf6 4. Bb5 Bb4 5. O-O O-O 6. Bxc6 dxc6 7. Nxe5 Bxc3 8. dxc3 Qxd1 9. Rxd1 Nxe4 10. f3 Nd6 11. Bf4 Bf5 12. Nd3 Rad8 13. Rac1 b6 14. Nb4 c5 15. Nd5 Be6 16. Nxc7 Nc4 17. b3 Na3 18. Bd6 1-0


[Site "https://www.chess.com"]

[Event "Titled Tuesday Blitz December 27 Late 2022"]
[White "Antonova, Nadezhda"]
[Black "Mitrovic, Darko R"]
[WhiteFideId "14700182"]
[BlackFideId "927023"]
[WhiteElo "1945"]
[BlackElo "2220"]
[Result "1-0"]
[Round "10"]
[TimeControl "180+2"]
[Date "2022.12.27"]
[WhiteClock "0:02:08"]
[BlackClock "0:01:31"]

1. d4 Nf6 2. c4 e6 3. g3 Bb4+ 4. Bd2 Bxd2+ 5. Qxd2 d6 6. Bg2 O-O 7. Nc3 Nc6 8. Nf3 Kh8 9. O-O Ne5 10. dxe5 Ne4 11. Nxe4 Qh4 12. Nxh4 d5 13. cxd5 f6 14. exf6 Re8 15. fxg7+ Kg8 16. Nf6+ Kf7 17. Nxe8 Bd7 18. Qf4+ Ke7 19. Qf8+ Kd8 20. g8=Q c6 21. Qd6 Rb8 22. Qg5+ Kc8 23. Qc7# 1-0


[Site "https://www.chess.com"]

[Event "Titled Tuesday Blitz December 27 Late 2022"]
[White "Averjanov, Alexey"]
[Black "Yurovskykh, Oleksandr"]
[WhiteFideId "14109867"]
[BlackFideId "14134020"]
[WhiteElo "2399"]
[BlackElo "2328"]
[Result "1-0"]
[Round "10"]
[TimeControl "180+2"]
[Date "2022.12.27"]
[WhiteClock "0:01:52"]
[BlackClock "0:00:12"]

1. d4 d5 2. c4 e6 3. Nf3 Nf6 4. e3 c5 5. dxc5 Bxc5 6. a3 O-O 7. b4 Be7 8. Bb2 a5 9. b5 b6 10. Nbd2 Bb7 11. Be2 Nbd7 12. O-O Rc8 13. Rc1 dxc4 14. Nxc4 Bd5 15. Nd4 Bc5 16. f3 Qe7 17. a4 Bb7 18. Qb3 Nd5 19. Rfd1 Qg5 20. Kh1 Rfd8 21. e4 Nf4 22. Bf1 Qe7 23. g3 Ng6 24. Bg2 Rc7 25. Rd2 Rdc8 26. Rdc2 h5 27. f4 h4 28. e5 Bxg2+ 29. Kxg2 hxg3 30. hxg3 Ndf8 31. Nc6 Rxc6 32. bxc6 Qc7 33. Qf3 Ne7 34. Ba3 Nd5 35. Bxc5 bxc5 36. Nd6 Rb8 37. Rxc5 Ng6 38. Nb5 Qb6 39. c7 Rc8 40. Rc6 Qb7 41. Nd6 1-0


[Site "https://www.chess.com"]

[Event "Titled Tuesday Blitz December 27 Late 2022"]
[White "Balague Camps, Marc"]
[Black "Guevara Sanchez, Erick Marvin"]
[WhiteFideId "2297914"]
[BlackFideId "6700136"]
[WhiteElo "2190"]
[BlackElo "2073"]
[Result "1-0"]
[Round "10"]
[TimeControl "180+2"]
[Date "2022.12.27"]
[WhiteClock "0:00:59"]
[BlackClock "0:00:20"]

1. d4 Nf6 2. c4 e6 3. Nc3 Bb4 4. f3 d5 5. a3 Bxc3+ 6. bxc3 b6 7. Bg5 O-O 8. e3 Nbd7 9. Bd3 Bb7 10. Ne2 h6 11. Bh4 c5 12. cxd5 exd5 13. O-O Qe7 14. Bf5 Qxe3+ 15. Kh1 c4 16. Bg3 Qe7 17. Nf4 g6 18. Bxg6 fxg6 19. Nxg6 Qg7 20. Nxf8 Rxf8 21. Qa4 a6 22. Rae1 b5 23. Qb4 Re8 24. Rxe8+ Nxe8 25. Re1 Nef6 26. Re7 Qg5 27. Qb2 Bc6 28. Kg1 Nh5 29. Be1 Nf4 30. Re8+ Kf7 31. Rc8 Nd3 32. Qe2 Qf6 33. Qe8+ Kg7 34. Qg8# 1-0


[Site "https://www.chess.com"]

[Event "Titled Tuesday Blitz December 27 Late 2022"]
[White "Bambino Filho, Antonio Carlos"]
[Black "Kobo, Ori"]
[WhiteFideId "2113163"]
[BlackFideId "2812320"]
[WhiteElo "2144"]
[BlackElo "2559"]
[Result "0-1"]
[Round "10"]
[TimeControl "180+2"]
[Date "2022.12.27"]
[WhiteClock "0:00:22"]
[BlackClock "0:00:18"]

1. e4 e5 2. Nf3 Nc6 3. Bc4 Bc5 4. O-O d6 5. c3 Bb6 6. d3 h6 7. a4 a5 8. Nbd2 Nge7 9. Bb3 O-O 10. Nc4 Ba7 11. Be3 Kh8 12. Bxa7 Rxa7 13. Ne3 f5 14. exf5 Nxf5 15. Nxf5 Bxf5 16. h3 Qf6 17. Bd5 Ne7 18. Be4 Ng6 19. Bxf5 Qxf5 20. Nh2 Nf4 21. d4 exd4 22. cxd4 Ra6 23. Kh1 Rb6 24. b3 Qd5 25. f3 Rxb3 26. Rc1 c6 27. Ng4 Rb4 28. Re1 Rxd4 29. Qc2 Rd2 30. Qc3 Rd3 31. Qb2 Rb3 32. Qc2 Qd3 33. Qf2 Qf5 34. Qh4 Qg5 35. Qg3 Rb2 36. Rg1 h5 37. h4 Qg6 38. Rc4 Ne2 39. Qxd6 Qxd6 0-1


[Site "https://www.chess.com"]